 Dungeon Crawl Stone Soup version 0.29-a0-92-gee772dd00f (webtiles) character file.

Game seed: 14629816778494627618

246 Sweetruy1997 the Chiller (level 5, -3/35 (39) HPs)
             Began as a Draconian Ice Elementalist on Feb 9, 2022.
             Was a Follower of Sif Muna.
             Slain by a wight (8 damage)
             ... on level 4 of the Dungeon.
             The game lasted 00:07:03 (3767 turns).

Sweetruy1997 the Chiller (DrIE)                     Turns: 3767, Time: 00:07:04

HP:   -3/35 (39)    AC: 13    Str: 11    XL:     5   Next: 84%
MP:   0/10          EV: 12    Int: 17    God:    Sif Muna [*.....]
Gold: 77            SH:  0    Dex: 11    Spells: 4/11 levels left

rFire   . . .      SeeInvis .   m - +2 short sword (speed)
rCold   . . .      Faith    .   (no shield)
rNeg    . . .      Spirit   .   (armour unavailable)
rPois   +          Reflect  .   (helmet restricted)
rElec   .          Harm     .   a - +0 cloak
rCorr   .          Rampage  .   (no gloves)
Will    .....                   h - +0 pair of boots
Stlth   ++........              (no amulet)
HPRegen 0.11/turn               c - ring of poison resistance
MPRegen 0.12/turn               (no ring)

@: ice-armoured, freezing walls, heavily drained
A: AC +5, unfitting armour, cold-blooded
a: Renounce Religion, Channel Magic


You were on level 4 of the Dungeon.
You worshipped Sif Muna.
Sif Muna was aware of your devotion.
You visited 1 branch of the dungeon, and saw 4 of its levels.

You collected 77 gold pieces.

Inventory:

Hand Weapons
 m - a +2 short sword of speed (weapon)
Armour
 a - a +0 cloak (worn)
 h - a +0 pair of boots (worn)
Jewellery
 c - a ring of poison resistance (left hand)
Scrolls
 e - a scroll of fear {unknown}
 f - a scroll of identify {unknown}
 l - a scroll of teleportation {unknown}
 p - a scroll of amnesia {unknown}
Potions
 d - 2 potions of degeneration {unknown}
 g - 2 potions of brilliance {unknown}
 i - 3 potions of curing
 j - a potion of mutation {unknown}
 k - 2 potions of lignification {unknown}
 n - a potion of haste {unknown}
 o - 2 potions of might {unknown}


   Skills:
 + Level 0.5 Fighting
 + Level 1.1 Short Blades
 - Level 2.0 Dodging
 + Level 2.2 Stealth
 + Level 3.7 Spellcasting
 + Level 5.7 Ice Magic


You had 4 spell levels left.
You knew the following spells:

 Your Spells              Type           Power      Damage    Failure   Level
a - Freeze                Ice            88%        1d10      1%          1
b - Frozen Ramparts       Ice            44%        1d6       4%          3
c - Ozocubu's Armour      Ice            22%        N/A       4%          3

Your spell library contained the following spells:

 Spells                   Type           Power      Damage    Failure   Level
 Hailstorm                Conj/Ice       12%        3d5       45%         4


Dungeon Overview and Level Annotations

Branches:
Dungeon (4/15)
 Temple: D:4-7

Altars:
Sif Muna

Shops:
D:1 :


Innate Abilities, Weirdness & Mutations

Your plain brown scales are hard. (AC +5)
You cannot fit into any form of body armour.
You are cold-blooded and may be slowed by cold attacks.


Message History

* * * LOW HITPOINT WARNING * * *
The wight resists.
The wall freezes the wight.
It was a potion of curing.
You feel better.
The wight resists.
The wall freezes the wight.
The wight barely misses you.
The wight completely resists.
The wall freezes the wight but does no damage.
The wight barely misses you.
The wight completely resists.
The wall freezes the wight but does no damage.
You freeze the wight but do no damage.
The wight completely resists.
The wight resists.
The wall freezes the wight.
The wight completely resists.
The wall freezes the wight but does no damage.
The wight hits you from afar with a +3 spear.
The wight completely resists.
The wall freezes the wight but does no damage.
The wight closely misses you.
The wight completely resists.
The wall freezes the wight but does no damage.
You barely miss the wight.
The wight resists.
The wall freezes the wight.
The wight completely resists.
The wall freezes the wight but does no damage.
The wight barely misses you.
You hit the wight.
You tail-slap the wight, but do no damage.
The wight is moderately damaged.
The wight resists.
The wall freezes the wight.
The wight completely resists.
The wall freezes the wight but does no damage.
The wight hits you with a +0 great sword.
You feel drained.
* * * LOW HITPOINT WARNING * * *
The wight completely resists.
The wall freezes the wight but does no damage.
As you read the scroll labelled XOJEES XERUGIE, it crumbles to dust.
Your body is wracked with pain!
* * * LOW HITPOINT WARNING * * *
It was a scroll of torment.
The wight resists.
The wall freezes the wight.
The wight hits you from afar with a +3 spear.
* * * LOW HITPOINT WARNING * * *
You feel drained.
The wight completely resists.
The wall freezes the wight but does no damage.
The wight hits you with a +0 great sword!
You die...

#.# #.# #.# #
#.# ##. #.#
#... #.#
#.... #.#
.....z#####.#
#...gzz@....#
#^...z#######
###.# #


You could see 4 wights and a goblin.

Vanquished Creatures
  A scorpion (D:4)
  A centaur skeleton (D:4)
  3 gnolls (D:4)
  4 adders
  An ufetubus (D:4)
  2 worms
  2 dart slugs
  7 orcs (D:3)
  8 ball pythons
  3 bats
  8 endoplasms
  3 giant cockroaches
  4 goblins
  7 hobgoblins
  2 jackals (D:2)
  3 frilled lizards
  9 kobolds
  6 rats
74 creatures vanquished.

Notes
Turn   | Place    | Note
-------+----------+-------------------------------------------
     0 | D:1      | Sweetruy1997 the Draconian Ice Elementalist began the quest
                  | for the Orb.
     0 | D:1      | Reached XP level 1. HP: 14/14 MP: 3/3
   286 | D:1      | Reached XP level 2. HP: 19/20 MP: 1/5
   602 | D:1      | Found a faded altar of an unknown god.
  1011 | D:1      | Found Jasu Mesk's Book Shop.
  1379 | D:2      | Reached XP level 3. HP: 20/26 MP: 1/6
  1391 | D:2      | Learned a level 3 spell: Frozen Ramparts
  1941 | D:2      | Found a shimmering blue altar of Sif Muna.
  1949 | D:2      | Became a worshipper of Sif Muna the Loreminder
  1994 | D:2      | Reached skill level 5 in Ice Magic
  2032 | D:2      | Learned a level 3 spell: Ozocubu's Armour
  2475 | D:3      | Reached XP level 4. HP: 33/33 MP: 6/8
  3373 | D:4      | Reached * piety under Sif Muna
  3383 | D:4      | Reached XP level 5. HP: 26/38 MP: 7/9
  3687 | D:4      | Reached skill level 1 in Short Blades
  3767 | D:4      | Slain by a wight

Illustrated notes

Levels and vault maps discovered:
D:1:      sevenhm_arrival_forest_fort_small_4, layout_loops_corners,
          serial_shops, nicolae_shop_behind_doors,
          dilly_ecumenical_altar_fadedgnrine, minmay_ruptured
D:2:      layout_loops_ring, basic_altar
D:3:      layout_loops_cross
D:4:      layout_loops_ring, minmay_cupped, uniq_grinder, uniq_sigmund

Skill      XL: |  1  2  3  4  5 |
---------------+----------------+-----
Ice Magic      | 5 |  5.7
Spellcasting   | 3 |  3.7
Stealth        | 2 |  2.2
Short Blades   | 1 |  1.1
Dodging        | 2 |  2.0
Fighting       | |  0.5

Action                   |  1- 3 |  4- 6 || total
-------------------------+-------+-------++-------
Melee: Short sword       |    15 |    25 ||    40
       Tailslap          |     4 |     3 ||     7
       Unarmed           |     1 |       ||     1
       Punch             |       |     1 ||     1
 Cast: Freeze            |    56 |    46 ||   102
       Ozocubu's Armour  |       |     2 ||     2
       Frozen Ramparts   |       |     2 ||     2
  Use: Scroll            |       |     1 ||     1
       Potion            |       |     1 ||     1
 Stab: Sleeping          |       |     1 ||     1
Armor: Skin              |    18 |    17 ||    35
Dodge: Dodged            |    39 |    42 ||    81

Table legend: (Time is in decaauts)
 A = Elapsed time spent in this place.
 B = Non-inter-level travel time spent in this place.
 C = Inter-level travel time spent in this place.
 D = Time resting spent in this place.
 E = Time spent auto-exploring this place.
 F = Levels seen in this place.
 G = Mean time per level.
                   A        B        C        D        E       F      G
               +--------+--------+--------+--------+--------+-----+--------+
         Total |   3761 |   3661 |    100 |     62 |   3140 |   4 |  940.2 |
       Dungeon |   3761 |   3661 |    100 |     62 |   3140 |   4 |  940.2 |
               +--------+--------+--------+--------+--------+-----+--------+

Top non-repeatable levels by time:
     D:1: 1371 daAuts
     D:2: 1060 daAuts
     D:3: 857 daAuts
     D:4: 472 daAuts
